Construct Medical Station
Selects Advanced Infantry Battlegroup
Selects Artillery Observers
Selects Convert to Ranger Squad
Selects Designate Assault Position
Selects Ranger Weapon Training
Selects M2A1 105mm Howitzer Emplacement
M18 Hellcat Tank Destroyer
M18 Hellcat Tank Destroyer
Selects 155mm Rapid Artillery Barrage
155mm Rapid Artillery Barrage
M18 Hellcat Tank Destroyer
M18 Hellcat Tank Destroyer
155mm Rapid Artillery Barrage